Map: Catalyst LE

Players

HugoDom

  • Race: Zerg Zerg
  • League: Gold
  • Spawn Location: 11:00

Barcode - Winner!

  • Race: Protoss Protoss
  • League: Platinum
  • Spawn Location: 5:00

VOD

Have the link to the VOD?

Description

Time

  • Played on: Feb. 24, 2018, 4:22 p.m.
  • Length: 19:27
Show
View Real Time Build Order
Export as new Build Order

HugoDom Zerg 

Build Orders: Pool First, Lurkers 

Get SALT Encoding   

  12  0:02  Drone  
  13  0:11  Drone  
  14  0:22  Overlord  
  14  0:37  Spawning Pool  
  14  0:40  Drone  
  14  0:44  Drone  
  14  0:49  Drone  
  16  0:54  Drone  
  17  1:09  Drone  
  18  1:17  Extractor  
  17  1:32  Zergling x4  
  19  1:38  Overlord  
  19  1:47  Queen  
  19  1:52  Extractor  
  20  2:08  Hatchery  
  19  2:14  Drone  
  19  2:15  Drone x2  
  22  2:31  Drone  
  23  2:39  Baneling Nest  
  22  2:48  Queen  
  24  2:53  Drone x2  
  26  3:01  Drone x3  
  29  3:06  Metabolic Boost  
  29  3:15  Drone  
  29  3:18  Overlord  
  30  3:24  Overlord  
  30  3:33  Lair  
  30  3:36  Zergling x2  
  30  3:37  Zergling x2  
  30  3:40  Baneling x4  
  32  3:45  Drone  
  32  3:47  Drone  
  34  3:50  Drone  
  35  4:02  Queen  
  35  4:09  Drone  
  38  4:10  Spine Crawler  
  38  4:11  Drone  
  38  4:15  Drone  
  39  4:30  Drone x4  
  43  4:31  Spine Crawler  
  42  4:40  Overseer, Spine Crawler  
  41  4:54  Hydralisk Den  
  40  5:08  Drone x4  
  40  5:09  Drone x4  
  45  5:17  Queen  
  47  5:31  Extractor  
  47  5:33  Extractor  
  45  5:40  Hydralisk x2  
  45  5:41  Hydralisk  
  51  5:44  Overlord x2  
  51  5:45  Overlord x2  
  51  5:54  Spire  
  51  5:56  Drone x2  
  52  6:06  Drone x5  
  57  6:28  Spore Crawler  
  57  6:30  Drone x3  
  57  6:31  Spore Crawler, Drone x3  
  57  6:32  Spore Crawler  
  60  6:38  Hydralisk x2  
  64  6:53  Drone x7  
  71  7:05  Lurker Den, Overlord x2  
  70  7:11  Burrow  
  70  7:20  Spine Crawler  
  70  7:21  Spine Crawler  
  68  7:24  Spore Crawler, Corruptor  
  69  7:30  Overseer x2  
  69  7:34  Drone x3  
  69  7:35  Drone  
  73  7:43  Corruptor  
  75  7:55  Hydralisk x3  
  81  8:11  Corruptor  
  83  8:14  Overlord x5  
  85  8:34  Evolution Chamber, Lurker x6  
  85  8:35  Evolution Chamber, Lurker  
  88  9:01  Corruptor  
  88  9:02  Corruptor x5  
  100  9:11  Extractor  
  100  9:14  Extractor  
  100  9:15  Zergling x8  
  100  9:16  Zergling x10  
  107  9:42  Hatchery  
  106  9:46  Drone x7  
  111  9:54  Spine Crawler x2  
  111  9:55  Spine Crawler  
  111  9:57  Spine Crawler  
  103  10:07  Corruptor x2  
  103  10:08  Corruptor  
  109  10:26  Corruptor x3  
  115  10:46  Overlord x3  
  115  10:47  Overlord x2  
  113  11:08  Overseer  
  113  11:15  Overseer, Infestation Pit  
  112  11:30  Queen  
  114  11:33  Drone x2  
  114  11:34  Drone  
  114  11:35  Drone x3  
  114  11:38  Zergling x4  
  114  11:39  Zergling x14  
  130  11:40  Zergling x6  
  132  12:07  Hive  
  132  12:19  Corruptor x6  
  132  12:20  Corruptor  
  125  13:03  Drone  
  126  13:41  Hatchery  
  125  13:43  Extractor  
  124  14:18  Zergling x12  
  124  14:19  Zergling x16  
  136  14:29  Greater Spire  
  133  14:31  Hydralisk  
  133  14:32  Hydralisk x5  
  112  14:49  Hydralisk x2  
  112  14:50  Hydralisk x2  
  120  14:53  Baneling x2  
  120  14:54  Baneling x7  
  119  15:28  Lurker x4  
  119  15:29  Lurker x3  
  125  15:35  Hydralisk x2  
  125  15:36  Hydralisk x4  
  137  16:07  Zergling x8  
  141  16:18  Brood Lord x5  
  83  17:55  Brood Lord x3  
  52  18:41  Zergling x16  
Show
View Real Time Build Order
Export as new Build Order

Barcode Protoss - Winner!

Build Orders: Oracle Opening 

Get SALT Encoding   

  12  0:01  Probe  
  13  0:13  Probe  
  14  0:19  Pylon  
  14  0:25  Probe  
  15  0:37  Probe  
  16  0:43  Gateway  
  16  0:49  Probe  
  17  0:53  Assimilator  
  17  1:01  Probe  
  18  1:13  Probe (Chrono Boost)  
  19  1:23  Probe (Chrono Boost)  
  20  1:27  Gateway  
  20  1:34  Cybernetics Core  
  20  1:36  Probe  
  21  1:45  Pylon  
  21  1:48  Probe  
  22  2:00  Probe  
  23  2:08  Assimilator  
  23  2:16  Warp Gate  
  23  2:22  Pylon  
  23  2:31  Shield Battery  
  23  2:40  Adept x2, Probe  
  28  2:53  Probe  
  29  3:03  Stargate  
  29  3:05  Probe  
  30  3:17  Nexus  
  30  3:21  Pylon  
  30  3:30  Probe  
  30  3:33  Pylon  
  31  3:39  Adept x2  
  35  3:47  Oracle (Chrono Boost)  
  35  3:48  Probe  
  39  4:02  Robotics Facility  
  39  4:05  Gateway  
  39  4:08  Shield Battery  
  39  4:14  Forge  
  39  4:22  Pylon  
  39  4:31  Probe  
  40  4:43  Probe, Phoenix  
  43  4:47  Pylon  
  43  4:52  Probe  
  44  4:54  Observer (Chrono Boost)  
  44  4:56  Probe  
  44  4:57  Protoss Ground Weapons Level 1 (Chrono Boost)  
  46  5:19  Immortal (Chrono Boost)  
  43  5:27  Forge  
  47  5:36  Gateway  
  47  5:39  Probe x2, Assimilator  
  49  5:42  Assimilator  
  49  5:55  Probe x2  
  51  5:58  Immortal  
  51  5:59  Protoss Ground Armor Level 1 (Chrono Boost)  
  55  6:07  Probe x2  
  57  6:25  Twilight Council  
  57  6:42  Immortal  
  61  6:47  Zealot x3  
  61  6:48  Zealot  
  69  7:14  Zealot x4  
  77  7:16  Charge (Chrono Boost)  
  77  7:32  Pylon  
  77  7:33  Pylon  
  77  7:34  Protoss Ground Weapons Level 2 (Chrono Boost)  
  77  7:35  Pylon  
  77  7:45  Protoss Ground Armor Level 2 (Chrono Boost)  
  77  7:50  Immortal  
  80  8:09  Nexus  
  80  8:11  Pylon x2  
  80  8:21  Gateway  
  80  8:22  Gateway  
  80  8:26  Zealot  
  80  8:27  Zealot  
  84  8:54  Templar Archives  
  84  8:56  Gateway x2  
  88  9:03  Warp Prism  
  86  9:15  Shield Battery  
  86  9:16  Photon Cannon  
  86  9:22  Probe x2  
  88  9:34  Probe x2  
  89  9:56  High Templar x2  
  89  9:57  High Templar x4  
  89  9:58  Protoss Ground Weapons Level 3 (Chrono Boost)  
  89  9:59  Protoss Ground Armor Level 3 (Chrono Boost)  
  93  10:17  Archon  
  93  10:18  Archon x2  
  93  10:22  Probe x2  
  93  10:25  Probe  
  96  10:34  Probe x2  
  98  10:37  Probe  
  97  11:09  High Templar x3  
  97  11:10  High Templar x2  
  107  11:13  Nexus  
  107  11:15  Archon x2  
  107  11:23  High Templar  
  107  11:25  Pylon  
  109  11:29  Archon  
  109  11:39  Assimilator  
  109  11:43  Assimilator  
  109  11:57  Probe x2  
  111  12:09  Probe  
  111  12:10  Probe  
  113  12:26  Zealot x5  
  113  12:27  Zealot x2  
  111  12:51  Observer  
  108  12:53  Protoss Shields Level 1  
  108  12:56  Probe x3  
  111  13:09  Pylon  
  111  13:12  Pylon, Observer  
  112  13:17  Pylon  
  112  13:25  Photon Cannon  
  112  13:27  Photon Cannon  
  112  13:28  Nexus  
  112  13:30  Photon Cannon  
  112  13:31  Pylon  
  112  13:32  Photon Cannon x2  
  112  13:35  Pylon  
  112  13:38  Pylon  
  112  13:41  Zealot x4  
  116  13:42  Zealot  
  122  13:53  Photon Cannon  
  122  13:55  Photon Cannon  
  122  13:58  Shield Battery  
  122  14:17  Stalker  
  122  14:18  Stalker x2  
  122  14:22  Warp Prism (Chrono Boost)  
  110  15:02  High Templar x4  
  110  15:03  High Templar x2  
  122  15:23  Cybernetics Core  
  122  15:26  Gateway  
  122  15:29  Pylon  
  122  15:30  Gateway  
  122  15:32  Gateway  
  122  15:35  Archon x2  
  122  15:36  Archon  
  122  16:04  Fleet Beacon  
  122  16:06  Cybernetics Core  
  122  16:14  Zealot x4  
  94  16:38  Nexus  
  76  16:41  Pylon  
  76  16:42  Zealot x4  
  76  16:43  Pylon  
  76  16:45  Observer (Chrono Boost)  
  85  16:54  Psionic Storm  
  85  16:59  Observer (Chrono Boost)  
  81  17:13  High Templar x2  
  81  17:14  High Templar x3  
  81  17:15  High Templar  
  91  17:20  Zealot  
  89  17:51  Zealot x5  
  97  18:27  Zealot x2  
  97  18:28  Zealot x3  
  96  18:48  Archon  
  96  18:49  Archon x2  
  96  18:53  Zealot x3  
  96  18:54  Zealot x2  
Tags
 
Add a new tag
Caveats
  • Supply blocks, unpowered buildings, or Contaminate may cause inaccurate times.
  • Supply counts are checked every 10 seconds.